 Dungeon Crawl Stone Soup version 0.29.1-1-gd02db6906a (webtiles) character file.

Game seed: 747186257659190588

60 groovy9 the Magician (level 4, 0/33 HPs)
             Began as a Djinni Earth Elementalist on Sept 26, 2022.
             Slain by a hobgoblin (2 damage)
             ... on level 2 of the Dungeon.
             The game lasted 00:02:56 (1436 turns).

groovy9 the Magician (Djinni Earth Elementalist)    Turns: 1436, Time: 00:02:57

Health: 0/33       AC:  2    Str:  7    XL:     4   Next: 24%
Gold:   21         EV: 12    Int: 31    God:
                   SH:  0    Dex: 13

rFire   + + .      SeeInvis .   j - +0 dagger
rCold   x . .      Faith    .   (no shield)
rNeg    . . .      Spirit   .   a - +0 robe
rPois   ∞          Reflect  .   (no helmet)
rElec   .          Harm     .   (no cloak)
rCorr   .          Rampage  .   (no gloves)
Will    .....                   (boots unavailable)
Stlth   ++........              (no amulet)
HPRegen 0.11/turn               b - +6 ring of intelligence
MPRegen 0.00/turn               c - +6 ring of intelligence

@: attractive, flying
A: sickness immunity, fire resistance 2, cold vulnerability 1, float, innate
caster, HP casting, extra vitality 1
a: no special abilities


You were on level 2 of the Dungeon.
You visited 1 branch of the dungeon, and saw 2 of its levels.

You collected 21 gold pieces.

Inventory:

Hand Weapons
 j - a +0 dagger (weapon)
Armour
 a - a +0 robe (worn)
Magical Staves
 f - a staff of cold
Jewellery
 b - a +6 ring of intelligence (left hand)
 c - a +6 ring of intelligence (right hand)
 g - a ring of see invisible
Scrolls
 i - a scroll of teleportation {unknown}


   Skills:
 + Level 1.8 Fighting
 - Level 2.6 Dodging
 - Level 1.9 Stealth
 + Level 3.0 Spellcasting


You couldn't memorise any spells.
You knew the following spells:

 Your Spells              Type           Power      Damage    Failure   Level
a - Sandblast             Erth           46%        2d11      1%          1
b - Passwall              Tmut/Erth      19%        N/A       2%          2
c - Stone Arrow           Conj/Erth      46%        3d9       5%          3
d - Petrify               Tmut/Erth      23%        N/A       19%         4
e - Magic Dart            Conj           92%        1d7       1%          1
Your spell library was empty.

Dungeon Overview and Level Annotations

Branches:
Dungeon (2/15)

Altars:


Innate Abilities, Weirdness & Mutations

You are immune to sickness and miasma.
You are immune to poison.
Your flesh is very heat resistant. (rF++)
You are vulnerable to cold. (rC-)
You float through the air rather than walking.
You learn spells naturally, not from books.
Your magical power is your life essence.
You have superior vitality. (+4 MHP)


Message History

The spell is quite dangerous to miscast (7% risk of failure)!
Continue anyway?
Aiming: Stone Arrow (quite dangerous; 7% risk of failure)
Press: ? - help, Shift-Dir - straight line, f - Terence
Aim: Terence, wielding a +0 flail and wearing a +0 ring mail (75% to hit)
The stone arrow hits Terence!!
Terence is almost dead.
* * * LOW HITPOINT WARNING * * *
Terence hits you with a +0 flail.
* * * LOW HITPOINT WARNING * * *
The hobgoblin hits you but does no damage.
Casting: Stone Arrow (quite dangerous; 7% risk of failure)
Confirm with . or Enter, or press ? or * to list all spells.
The spell is quite dangerous to miscast (7% risk of failure)!
Continue anyway?
Aiming: Stone Arrow (quite dangerous; 7% risk of failure)
Press: ? - help, Shift-Dir - straight line, f/p - Terence
Aim: Terence, wielding a +0 flail and wearing a +0 ring mail (almost dead, 75% to hit)
The stone arrow hits Terence!
You kill Terence!
* * * LOW HITPOINT WARNING * * *
The hobgoblin barely misses you.
Your Spellcasting skill increases to level 3!
You have reached level 4!
You feel clever.
Okay, then.
Okay, then.
It was a potion of attraction.
You feel attractive to monsters. The hobgoblin closely misses you.
The dart slug is attracted toward you.
Blink to where?
Press: ? - help, Dir - move target
Found 4 stones and a leather armour.
Found a stone staircase leading up.
As you read the scroll labelled YLEPEZ LYSANER, it crumbles to dust.
It was a scroll of blinking.
An adder comes into view.
The hobgoblin is attracted toward you. The adder is attracted toward you.
The dart slug is attracted toward you. The hobgoblin is attracted toward you.
The hobgoblin attacks as you move away! The hobgoblin barely misses you.
The hobgoblin attacks as you move away! The hobgoblin hits you.
You die...

# ### #. ... #
#..##.##.#
#........# #) #@####
# #. #.g..# ##.##.
####§#.
.....§..g....S..§.
.#..#..#.w...##..(.#
...§..§§.....# .<[#
.####........# ..#
...........# .#
####...[....# .


You could see a hobgoblin.

Vanquished Creatures
  Terence (D:2)
  2 adders (D:1)
  4 ball pythons (D:1)
  4 endoplasms (D:1)
  A hobgoblin (D:1)
  2 bats (D:1)
  3 kobolds (D:1)
  2 rats (D:1)
19 creatures vanquished.

Notes
Turn   | Place    | Note
-------+----------+-------------------------------------------
     0 | D:1      | groovy9 the Djinni Earth Elementalist began the quest for
                  | the Orb.
     0 | D:1      | groovy9 set off with the following spells memorised:
                  | Sandblast, Passwall, Stone Arrow, Petrify.
     0 | D:1      | Reached XP level 1. HP: 15/15 MP: 0/0
   426 | D:1      | Reached XP level 2. HP: 17/21 MP: 0/0
  1294 | D:2      | Noticed Terence
  1299 | D:1      | Reached XP level 3. HP: 18/26 MP: 0/0
  1299 | D:1      | Learned a level 1 spell: Magic Dart
  1301 | D:1      | Reached skill level 1 in Fighting
  1430 | D:2      | Killed Terence
  1431 | D:2      | Reached skill level 3 in Spellcasting
  1431 | D:2      | Reached XP level 4. HP: 1/33 MP: 0/0
  1436 | D:2      | Slain by a hobgoblin

Illustrated notes

Levels and vault maps discovered:
D:1:      evilmike_arrival_crescent, layout_basic
D:2:      layout_basic, hellmonk_ecumenical_altar_run_dry, basic_altar,
          uniq_terence, uniq_jessica

Skill      XL: |  1  2  3 |
---------------+----------+-----
Fighting       | 1 |  1.8
Spellcasting   | 3 |  3.0
Dodging        | |  2.6
Stealth        | |  1.9

Action                   |  1- 3 |  4- 6 || total
-------------------------+-------+-------++-------
 Cast: Sandblast         |    30 |       ||    30
       Stone Arrow       |     2 |       ||     2
  Use: Scroll            |       |     1 ||     1
       Potion            |       |     1 ||     1
Armor: Robe              |     2 |       ||     2
Dodge: Dodged            |    12 |     2 ||    14
